 Dungeon Crawl Stone Soup version 0.26-a0-597-gb535b0901c (webtiles) character file.

Game seed: 4287800550432625629

39 sinister the Skirmisher (level 3, 0/33 HPs)
             Began as a Palentonga Fighter on Sept 6, 2020.
             Slain by a gnoll
             ... wielding a +0 spear
              (7 damage)
             ... on level 2 of the Dungeon.
             The game lasted 00:03:10 (1135 turns).

sinister the Skirmisher (Palentonga Fighter)        Turns: 1135, Time: 00:03:11

Health: 0/33       AC:  6    Str: 20    XL:     3   Next: 28%
Magic:  3/3        EV:  7    Int:  8    God:
Gold:   35         SH:  0    Dex:  9    Spells: 2/2 levels left

rFire    . . .     SeeInvis +   a - +0 flail
rCold    . . .     Faith    .   (no shield)
rNeg     . . .     Spirit   .   b - +0 scale mail
rPois    .         Reflect  .   (no helmet)
rElec    .         Harm     .   (no cloak)
rCorr    .                      (no gloves)
MR       .....                  (no barding)
Stlth    ..........             (no amulet)
HPRegen  0.11/turn              (no ring)
MPRegen  0.08/turn              (no ring)

@: no status effects
A: large, rugged brown scales 3, see invisible, deformed body, roll, armoured
tail
a: Rolling Charge


You were on level 2 of the Dungeon.
You visited 1 branch of the dungeon, and saw 2 of its levels.

You collected 35 gold pieces.

Inventory:

Hand Weapons
 a - a +0 flail (weapon)
Missiles
 g - 46 stones (quivered)
Armour
 b - a +0 scale mail (worn)
 c - a +0 kite shield
Scrolls
 e - 2 scrolls of fear {unknown}
 h - 2 scrolls of identify {unknown}
Potions
 d - a potion of might
 f - a potion of flight {unknown}


   Skills:
 + Level 3.5 Fighting
 + Level 2.4 Maces & Flails
 + Level 2.6 Armour
 + Level 0.6 Dodging
 + Level 2.6 Shields


You had 2 spell levels left.
You didn't know any spells.
Your spell library was empty.

Dungeon Overview and Level Annotations

Branches:
Dungeon (2/15)

Altars:
Okawaru


Innate Abilities, Weirdness & Mutations

You are completely covered in rugged brown scales. (AC +3, +7% HP)
You have supernaturally acute eyesight. (SInv)
Armour fits poorly on your strangely shaped body.
You can roll at foes to attack.
You have a long armoured tail.


Message History

The hobgoblin is moderately wounded.
The kobold shouts!
The hobgoblin hits you but does no damage.
The goblin completely misses you.
A gnoll comes into view. It is wielding a +0 halberd.
You closely miss the hobgoblin.
The hobgoblin is moderately wounded.
The gnoll shouts!
The goblin closely misses you. The hobgoblin hits you with a +0 club.
The gnoll hits you but does no damage.
You closely miss the hobgoblin.
The hobgoblin is moderately wounded.
The goblin hits you but does no damage. The gnoll barely misses you.
A quokka comes into view.
The hobgoblin hits you with a +0 club.
* * * LOW HITPOINT WARNING * * *
The goblin hits you but does no damage.
You closely miss the kobold.
Your tail-slap misses the kobold.
The gnoll hits you from afar with a +0 spear!
You die...

♣♣♣...P.P♣♣.######.##
♣ ♣P♣♣♣♣♣♣...♣# #.##
♣.♣♣♣P♣.♣...P♣# #...
♣P..♣.P.♣...P# ####
♣♣P..♣♣♣♣♣P#.# #
♣..♣♣.P♣P.P### #
§≈♣♣♣♣.†PP.♣.♣# #
♣......♣.....♣ #####
♣§♣..P†P@g♣.P.♣ ..##
♣♣♣♣♣gK♣g.♣♣. #.##
♣P.g...P♣ ####<##
♣..K.P..♣ #......
....g.. P♣ #.##.##
.P8..#(P. P# # #.##
♣.♣...r...♣ # ..##
.P..#...#.♣ ####


You could see 2 gnolls, a quokka, 2 hobgoblins, a goblin and 2 kobolds.

Vanquished Creatures
  2 dart slugs (D:1)
  A ball python (D:1)
  A giant cockroach (D:2)
  A goblin (D:1)
  A hobgoblin (D:1)
  6 jackals (D:1)
  4 quokkas (D:2)
  2 bats (D:1)
  4 frilled lizards (D:1)
  9 kobolds (D:1)
  A rat (D:1)
32 creatures vanquished.

Vanquished Creatures (others)
  21 plants (D:2)
21 creatures vanquished.

Grand Total: 53 creatures vanquished

Notes
Turn   | Place    | Note
-------+----------+-------------------------------------------
     0 | D:1      | sinister the Palentonga Fighter began the quest for the
                  | Orb.
     0 | D:1      | Reached XP level 1. HP: 20/20 MP: 1/1
   165 | D:1      | Reached XP level 2. HP: 23/27 MP: 2/2
   825 | D:1      | Reached XP level 3. HP: 33/33 MP: 3/3
  1031 | D:2      | Found an iron altar of Okawaru.
  1135 | D:2      | Slain by a gnoll

Illustrated notes

Levels and vault maps discovered:
D:1:      wander_arrival_peaceful_grave, layout_basic, minmay_small_reverse_x
D:2:      wad_woods_stonehenge, layout_loops_ring, kennysheep_okawaru_gauntlet

Action                   || total
-------------------------++-------
Melee: Flail             ||   115
       Tailslap          ||     5
 Abil: Rolling Charge    ||     3
Armor: Scale mail        ||    64
Dodge: Dodged            ||    56
Block: Kite shield       ||    16

Table legend: (Time is in decaauts)
 A = Elapsed time spent in this place.
 B = Non-inter-level travel time spent in this place.
 C = Inter-level travel time spent in this place.
 D = Time resting spent in this place.
 E = Time spent auto-exploring this place.
 F = Levels seen in this place.
 G = Mean time per level.
                   A        B        C        D        E       F      G
               +--------+--------+--------+--------+--------+-----+--------+
         Total |   1170 |   1163 |      7 |      0 |    914 |   2 |  585.0 |
       Dungeon |   1170 |   1163 |      7 |      0 |    914 |   2 |  585.0 |
               +--------+--------+--------+--------+--------+-----+--------+

Top non-repeatable levels by time:
     D:1: 1006 daAuts
     D:2: 164 daAuts
